 Dungeon Crawl Stone Soup version 0.22-a0-192-g6ffc940 (console) character file.

16678 Duffy the Nimble (level 12, -2/73 HPs)
             Began as a Deep Elf Fire Elementalist on Feb 16, 2018.
             Was a High Priest of Vehumet.
             Killed themself with a badly aimed iceblast (14 damage)
             ... on level 2 of the Lair of Beasts.
             The game lasted 00:34:26 (19318 turns).

Duffy the Nimble (Deep Elf Fire Elementalist)      Turns: 19318, Time: 00:34:27

Health: -2/73      AC:  9    Str:  5    XL:     12   Next: 12%
Magic:  2/28       EV: 20    Int: 29    God:    Vehumet [*****.]
Gold:   985        SH:  0    Dex: 15    Spells: 14/32 levels left

rFire    . . .     SeeInvis .   O - staff of energy
rCold    + . .     Gourm    .   (no shield)
rNeg     + . .     Faith    +   J - +1 robe {rN+}
rPois    .         Spirit   .   F - +1 hat
rElec    .         Reflect  .   I - +2 cloak
rCorr    .         Harm     .   d - +0 pair of gloves (curse)
MR       +....                  E - +0 pair of boots
Stlth    ++........             A - amulet of faith
HPRegen  0.22/turn              L - +3 ring of intelligence
MPRegen  0.21/turn              r - ring of protection from cold

@: no status effects
A: no striking features
a: Renounce Religion


You were on level 2 of the Lair of Beasts.
You worshipped Vehumet.
Vehumet was extremely pleased with you.
You were hungry.

You visited 3 branches of the dungeon, and saw 14 of its levels.
You also visited: Sewer.

You collected 985 gold pieces.

Inventory:

Hand Weapons
 v - a +1 long sword of flaming
Missiles
 a - 3 throwing nets (quivered)
Armour
 d - a cursed +0 pair of gloves (worn)
 E - a +0 pair of boots (worn)
 F - a +1 hat (worn)
 I - a +2 cloak (worn)
 J - a +1 robe of positive energy (worn)
Magical Staves
 O - an uncursed staff of energy (weapon)
Jewellery
 g - an uncursed ring of ice
 r - a ring of protection from cold (right hand)
 A - an amulet of faith (around neck)
 K - an uncursed ring of positive energy
 L - a +3 ring of intelligence (left hand)
Wands
 m - a wand of digging (14)
 u - a wand of polymorph (60)
 x - a wand of random effects (5)
Scrolls
 f - 12 scrolls of remove curse
 j - 8 scrolls of teleportation
 k - 3 scrolls of blinking
 l - 6 scrolls of magic mapping
 n - a scroll of enchant weapon
 o - 4 scrolls of amnesia
 q - 6 scrolls of enchant armour
 w - 2 scrolls of vulnerability
 y - a scroll of summoning
 z - 5 scrolls of fear
 D - a scroll of fog
 M - a scroll of immolation
 Q - a scroll of silence
Potions
 e - 6 potions of heal wounds
 h - 2 potions of brilliance
 i - 5 potions of haste
 p - 2 potions of invisibility
 s - 2 potions of lignification
 t - 10 potions of curing
 B - 2 potions of magic
 C - 3 potions of might
 G - a potion of flight
 H - a potion of mutation
 N - a potion of agility
Comestibles
 c - 12 rations


   Skills:
 + Level 7.7 Fighting
 - Level 11.0 Dodging
 - Level 2.4 Stealth
 - Level 10.6 Spellcasting
 - Level 10.0 Conjurations
 - Level 10.0 Fire Magic
 - Level 4.5 Earth Magic


You had 14 spell levels left.
You knew the following spells:

 Your Spells              Type           Power        Failure   Level  Hunger
a - Throw Flame           Conj/Fire      ######       1%          2    None
h - Stone Arrow           Conj/Erth      ######       1%          3    None
j - Sticky Flame          Conj/Fire      ######..     1%          4    None
k - Fireball              Conj/Fire      ######....   1%          5    None
l - Conjure Flame         Conj/Fire      ######..     1%          3    None
s - Flame Tongue          Conj/Fire      #####        1%          1    None


Dungeon Overview and Level Annotations

Branches:
Dungeon (11/15)            Temple (1/1) D:4            Lair (2/6) D:9
  Swamp: Lair:2-4    Shoals: Lair:2-4     Snake: Lair:2-4    Spider: Lair:2-4
    Orc: D:9-12

Altars:
Ashenzari
Cheibriados
Dithmenos
Elyvilon
Fedhas
Gozag
Hepliaklqana
Kikubaaqudgha
Makhleb
Nemelex Xobeh
Okawaru
Qazlal
Ru
Sif Muna
Trog
Uskayaw
Vehumet
Wu Jian
Xom
Yredelemnul
Zin
The Shining One

Annotations:
D:10 Snorg


Message History

Press: ? - help, Shift-Dir - straight line, f/p - black mamba
Aim: a black mamba (heavily wounded, covered in liquid flames)
The puff of flame misses the black mamba.
The black mamba burns!
The black mamba bites you!
You feel much better.
The black mamba burns!
The black mamba bites you!
You are poisoned.
The black mamba poisons you! The black mamba completely misses you.
Evoke which item? (* to show all) (? for menu, Esc to quit)
Okay, then.
You feel better.
The black mamba burns!
The black mamba bites you!! The black mamba completely misses you.
Evoke which item? (* to show all) (? for menu, Esc to quit)
Aiming: Random Effects
Press: ? - help, Shift-Dir - straight line, f/p - black mamba
Aim: a black mamba (almost dead, covered in liquid flames)
The mass of ice explodes!
The iceblast engulfs the black mamba.
You kill the black mamba!
Vehumet accepts your kill.
You feel your power returning. The iceblast engulfs you! You partially resist.
You die...

.. P # #. ##
##P#####.#+P#
#...........#
............##.
..............#
.......@%.....#
...............
............#.#
...............
............#..
#............##
#...........##
#.##########.


There were no monsters in sight!

Vanquished Creatures
  A hydra (Lair:2)
  4 two-headed ogres
  4 skeletal warriors (D:11)
  An ugly thing (D:11)
  Maurice (D:8)
  A black mamba (Lair:2)
  2 centaur zombies (D:11)
  The ghost of Fingolfin the Grasshopper, a novice GnWr of Sif Muna (D:5)
  3 spiny frogs (Lair:1)
  4 blink frogs (Lair:1)
  A hippogriff (Lair:1)
  A shadow (D:9)
  2 vampires (D:10)
  3 yaks (D:8)
  Grum (D:9)
  2 steam dragons
  2 hell hounds (D:9)
  A water moccasin (Lair:1)
  A swamp drake (D:6)
  3 porcupines (Lair:1)
  Purgy (D:4)
  3 sky beasts
  3 ice beasts
  2 phantoms
  5 orc warriors
  3 black bears
  2 wolves (D:9)
  2 centaurs (D:10)
  4 ogres
  2 crocodiles (Lair:1)
  Blork the orc (D:4)
  8 bullfrogs
  A gnoll sergeant (D:10)
  A scorpion (Lair:1)
  A wyvern skeleton (D:10)
  3 killer bees (D:10)
  5 wights (D:8)
  5 electric eels
  A howler monkey (D:8)
  3 crimson imps
  2 centaur skeletons
  3 hounds
  13 orc wizards
  A quasit (D:11)
  6 orc priests
  2 jellies
  4 bullfrog skeletons
  Jessica (D:2)
  4 iguanas
  9 worker ants
  A killer bee zombie (D:6)
  A hound zombie (D:7)
  A hound skeleton (D:4)
  A worker ant zombie (D:9)
  3 gnolls (D:10)
  A howler monkey skeleton (D:10)
  5 river rats
  28 adders
  2 shadow imps
  2 oozes
  An adder zombie (D:5)
  An adder skeleton (D:5)
  2 worms (D:3)
  3 dart slugs
  6 leopard geckos
  42 orcs
  6 giant cockroaches
  8 goblins
  11 hobgoblins
  12 jackals
  7 quokkas
  9 ball pythons
  12 bats
  9 frilled lizards
  A jackal zombie (D:5)
  11 kobolds
  A leopard gecko skeleton (D:6)
  A quokka skeleton (D:4)
  A quokka zombie (D:5)
  34 rats
  A fungus (D:11)
  2 plants (D:6)
366 creatures vanquished.

Vanquished Creatures (others)
  A fungus (Lair:1)
1 creature vanquished.

Grand Total: 367 creatures vanquished

Notes
Turn   | Place    | Note
-------+----------+-------------------------------------------
     0 | D:1      | Duffy the Deep Elf Fire Elementalist began the quest for the Orb.
     0 | D:1      | Reached XP level 1. HP: 10/10 MP: 6/6
   319 | D:1      | Reached XP level 2. HP: 15/15 MP: 4/8
   983 | D:1      | Reached XP level 3. HP: 19/19 MP: 6/9
   987 | D:1      | Learned a level 2 spell: Throw Flame
   991 | D:1      | Learned a level 3 spell: Conjure Flame
  1627 | D:2      | Noticed Jessica
  1630 | D:2      | Reached XP level 4. HP: 24/24 MP: 6/11
  1638 | D:2      | Noticed a dagger
  1640 | D:2      | Noticed a hand axe
  1677 | D:2      | Killed Jessica
  1960 | D:2      | Found a hide-covered altar of Uskayaw.
  2346 | D:3      | Learned a level 4 spell: Sticky Flame
  2401 | D:3      | Found a faded altar of an unknown god.
  2488 | D:3      | Reached XP level 5. HP: 26/28 MP: 4/12
  2658 | D:3      | Found a white marble altar of Elyvilon.
  2658 | D:3      | Found a basalt altar of Yredelemnul.
  2665 | D:3      | Found a deep blue altar of Sif Muna.
  2667 | D:3      | Found a sparkling altar of Nemelex Xobeh.
  2677 | D:3      | Found an ancient bone altar of Kikubaaqudgha.
  3151 | D:3      | Reached skill level 5 in Fire Magic
  3151 | D:3      | Reached XP level 6. HP: 29/32 MP: 9/14
  3288 | D:3      | Reached skill level 5 in Conjurations
  3660 | D:4      | Found a glowing silver altar of Zin.
  3793 | D:4      | Noticed Purgy
  3802 | D:4      | Killed Purgy
  3802 | D:4      | Reached skill level 1 in Fighting
  3802 | D:4      | Reached skill level 3 in Dodging
  3818 | D:4      | Reached skill level 4 in Dodging
  4077 | D:4      | Reached XP level 7. HP: 40/40 MP: 9/15
  4427 | D:4      | Noticed Blork the orc
  4434 | D:4      | Killed Blork the orc
  4518 | D:4      | Found a staircase to the Ecumenical Temple.
  4527 | Temple   | Entered the Ecumenical Temple
  4732 | Temple   | Became a worshipper of Vehumet
  5341 | D:4      | Reached skill level 5 in Dodging
  5669 | D:5      | Entered Level 5 of the Dungeon
  5920 | D:5      | Noticed Fingolfin's ghost (novice GnWr)
  6347 | D:5      | Killed Fingolfin's ghost
  6347 | D:5      | Reached skill level 6 in Dodging
  6347 | D:5      | Reached XP level 8. HP: 48/48 MP: 0/16
  7212 | D:5      | Reached skill level 5 in Fighting
  7390 | D:5      | Found a burning altar of Makhleb.
  7559 | D:6      | Reached skill level 7 in Dodging
  7577 | D:6      | Reached skill level 8 in Dodging
  7687 | D:6      | Reached * piety under Vehumet
  7687 | D:6      | Offered knowledge of Magic Dart by Vehumet.
  7910 | D:6      | Found a glowing drain.
  7915 | Sewer    | Entered a sewer
  8155 | Sewer    | Reached XP level 9. HP: 52/54 MP: 14/17
  8341 | Sewer    | Reached ** piety under Vehumet
  8341 | Sewer    | Offered knowledge of Freeze by Vehumet.
  8394 | Sewer    | Learned a level 5 spell: Fireball
  8742 | D:6      | Offered knowledge of Throw Frost by Vehumet.
  8742 | D:6      | Reached skill level 5 in Spellcasting
 11079 | D:7      | Reached *** piety under Vehumet
 11903 | D:8      | Noticed Maurice
 11931 | D:8      | Killed Maurice
 12071 | D:8      | Reached XP level 10. HP: 59/59 MP: 10/22
 12268 | D:8      | Offered knowledge of Stone Arrow by Vehumet.
 12377 | D:8      | Learned a level 3 spell: Stone Arrow
 12541 | D:8      | Noticed a two-headed ogre
 12547 | D:8      | Killed a two-headed ogre
 12547 | D:8      | Reached skill level 1 in Earth Magic
 13445 | D:9      | Noticed Grum
 13460 | D:9      | Reached **** piety under Vehumet
 13477 | D:9      | Killed Grum
 13785 | D:9      | Found a staircase to the Lair.
 13923 | D:9      | Noticed a two-headed ogre
 13928 | D:9      | Killed a two-headed ogre
 13928 | D:9      | Offered knowledge of Venom Bolt by Vehumet.
 14448 | D:9      | Found a deep blue altar of Sif Muna.
 14602 | D:10     | Entered Level 10 of the Dungeon
 14948 | D:10     | Reached skill level 10 in Conjurations
 14953 | D:10     | Reached skill level 10 in Fire Magic
 15001 | D:10     | Reached XP level 11. HP: 63/63 MP: 5/25
 15317 | D:10     | Noticed Snorg
 16616 | D:11     | Noticed a two-headed ogre
 16624 | D:11     | Killed a two-headed ogre
 16696 | D:11     | Noticed a two-headed ogre
 16702 | D:11     | Killed a two-headed ogre
 16702 | D:11     | Reached skill level 9 in Dodging
 16829 | D:11     | Noticed a skeletal warrior
 16850 | D:11     | Killed a skeletal warrior
 16850 | D:11     | Reached ***** piety under Vehumet
 16990 | D:11     | Noticed a skeletal warrior
 17027 | D:11     | Killed a skeletal warrior
 17027 | D:11     | Reached skill level 10 in Spellcasting
 17033 | D:11     | Noticed a skeletal warrior
 17162 | D:11     | Noticed a skeletal warrior
 17179 | D:11     | Killed a skeletal warrior
 17179 | D:11     | Offered knowledge of Force Lance by Vehumet.
 17323 | D:11     | Noticed a white ugly thing
 17330 | D:11     | Killed a white ugly thing
 17497 | D:11     | Found a burning altar of Makhleb.
 17662 | D:11     | Killed a skeletal warrior
 17662 | D:11     | Reached skill level 10 in Dodging
 17949 | Lair:1   | Entered Level 1 of the Lair of Beasts
 18624 | Lair:1   | Reached XP level 12. HP: 72/72 MP: 9/28
 18920 | Lair:1   | Found a white marble altar of Elyvilon.
 19010 | Lair:1   | Reached skill level 11 in Dodging
 19307 | Lair:2   | Noticed a seven-headed hydra
 19313 | Lair:2   | Killed a seven-headed hydra
 19318 | Lair:2   | Killed themself with a badly aimed iceblast

Vault maps used:
D:1:      lemuel_arrival_lava_pool
D:2:      dancing_weapons_uskayaw, first_ration, kennysheep_jessica_study,
          uniq_jessica
D:3:      chequers_temple_overflow_minitemple, chequers_ecumenical_altar_simple,
          minmay_checkerbox
D:4:      zin_academy, minmay_temple_entry_poolview, uniq_purgy,
          uniq_blork_the_orc
D:5:      lemuel_crystal_altar, small_statue_intersection
D:6:      cheibrodos_two_vegetables, lightli_sewer_entry_pipes
D:7:      minmay_hedge_maze
D:8:      uniq_maurice
D:9:      kennysheep_orc_sif_temple, minmay_lair_entry_lava, uniq_grum
D:10:     uniq_snorg
D:11:     basic_altar, minmay_gold_behind_fungi
Temple:   eino_temple_water
Lair:1:   basic_altar, nicolae_quartered_pool_little, serial_bayou_shore_b,
          serial_bayou_shore_b, serial_bayou_shore_b
Lair:2:   spider_nest_entry_funnel_web
Sewer:    sewer_minmay_w

Skill      XL: |  1  2  3  4  5  6  7  8  9 10 11 12 |
---------------+-------------------------------------+-----
Conjurations   | 2 3 4 5 8 10 | 10.0
Fire Magic     | 4 5 8 10 | 10.0
Spellcasting   | 4 6 8 10 | 10.6
Fighting       | 2 4 5 7 |  7.7
Dodging        | 4 6 8 10 11 | 11.0
Earth Magic    | 3 4 |  4.5
Stealth        | |  2.4

Action                   |  1- 3 |  4- 6 |  7- 9 | 10-12 || total
-------------------------+-------+-------+-------+-------++-------
Melee: Unarmed           |       |     3 |       |       ||     3
       Long sword        |       |       |    42 |    18 ||    60
       Flail             |       |       |     1 |       ||     1
 Cast: Flame Tongue      |    80 |   127 |   267 |    28 ||   502
       Sticky Flame      |       |     3 |    17 |    18 ||    38
       Conjure Flame     |       |     3 |    17 |    19 ||    39
       Fireball          |       |       |     9 |    32 ||    41
       Throw Flame       |       |       |       |   185 ||   185
       Stone Arrow       |       |       |       |    68 ||    68
Evoke: Wand              |       |       |    36 |     6 ||    42
  Use: Scroll            |     4 |     3 |    11 |     7 ||    25
       Potion            |       |     1 |     1 |     4 ||     6
 Stab: Paralysed         |       |       |       |     8 ||     8
  Eat: Chunk             |     2 |     8 |    18 |    24 ||    52
       Ration            |       |       |     4 |     1 ||     5
Armor: Robe              |    13 |    13 |    14 |    16 ||    56
Dodge: Dodged            |    33 |    45 |   114 |    60 ||   252
       Rpst.: Long sword |       |       |    31 |    11 ||    42

Table legend:
 A = Spawn XP
 B = Non-spawn XP
 C = Spawn XP percentage of total XP
 D = Spawn monster count
 E = Non-spawn monster count
 F = Spawn count percentage of total count
 G = Total turns spent on level
                    A         B        C        D         E        F      G
               +---------+---------+-------+---------+---------+-------+---------
         Total |       0 |   23827 |   0.0 |       0 |     363 |   0.0 | 19318
               +---------+---------+-------+---------+---------+-------+---------
           D:1 |       0 |      61 |   0.0 |       0 |      34 |   0.0 |  1429
           D:2 |       0 |     120 |   0.0 |       0 |      25 |   0.0 |   910
           D:3 |       0 |     214 |   0.0 |       0 |      37 |   0.0 |  1283
           D:4 |       0 |     820 |   0.0 |       0 |      30 |   0.0 |  2092
           D:5 |       0 |     688 |   0.0 |       0 |      18 |   0.0 |  1521
           D:6 |       0 |    1602 |   0.0 |       0 |      38 |   0.0 |  2403
           D:7 |       0 |     480 |   0.0 |       0 |      16 |   0.0 |  1405
           D:8 |       0 |    2720 |   0.0 |       0 |      23 |   0.0 |  1395
           D:9 |       0 |    2820 |   0.0 |       0 |      32 |   0.0 |  1462
          D:10 |       0 |    2588 |   0.0 |       0 |      28 |   0.0 |  1573
          D:11 |       0 |    6275 |   0.0 |       0 |      13 |   0.0 |  1655
        Lair:1 |       0 |    3632 |   0.0 |       0 |      19 |   0.0 |  1358
        Lair:2 |       0 |    1433 |   0.0 |       0 |       2 |   0.0 |    11
         Sewer |       0 |     374 |   0.0 |       0 |      48 |   0.0 |   598
               +---------+---------+-------+---------+---------+-------+---------
